 Dungeon Crawl Stone Soup version 0.28-a0-794-gafe8c5f9e9 (webtiles) character file.

Game seed: 1039301588673786941

733 bjtr the Destroyer (level 8, -2/60 HPs)
             Began as a Human Conjurer on Nov 6, 2021.
             Was an Initiate of Vehumet.
             Killed by nerve-wracking pain
             ... invoked by Menkaure
              (9 damage)
             ... in an ossuary.
             The game lasted 00:17:59 (3579 turns).

bjtr the Destroyer (Human Conjurer)                 Turns: 3579, Time: 00:17:59

Health: -2/60      AC:  9    Str:  7    XL:     8   Next: 4%
Magic:  24/26      EV: 13    Int: 20    God:    Vehumet [......]
Gold:   68         SH:  0    Dex: 13    Spells: 12/19 levels left

rFire   . . .      SeeInvis .   g - +2 falchion
rCold   . . .      Faith    .   (no shield)
rNeg    . . .      Spirit   .   e - +0 troll leather armour {Pargi}
rPois   .          Reflect  .   (no helmet)
rElec   .          Harm     .   (no cloak)
rCorr   .          Rampage  .   c - +2 pair of gloves
Will    .....                   m - +0 pair of boots
Stlth   ++........              (no amulet)
HPRegen 1.20/turn               h - ring of magical power
MPRegen 0.20/turn               (no ring)

@: attractive
A: no striking features
a: Renounce Religion


You were in an ossuary.
You worshipped Vehumet.
Vehumet was noncommittal.
You visited 1 branch of the dungeon, and saw 4 of its levels.
You also visited: Sewer and Ossuary.

You collected 109 gold pieces.
You spent 41 gold pieces at shops.

Inventory:

Hand Weapons
 g - a +2 falchion (weapon)
 i - a +0 short sword
 l - a +0 hunting sling
Missiles
 b - 14 poisoned darts
 f - 125 stones
 q - 27 bolts
Armour
 c - a +2 pair of gloves (worn)
 e - a +0 troll leather armour (worn) {Pargi}
 m - a +0 pair of boots (worn)
Jewellery
 h - a ring of magical power (left hand)
Wands
 s - a wand of iceblast (7)
Potions
 d - a potion of invisibility
 j - 2 potions of mutation
 n - a potion of cancellation {unknown}
 o - a potion of attraction
 r - a potion of lignification {unknown}


   Skills:
 + Level 4.1 Fighting
 + Level 4.0 Armour
 + Level 4.7 Dodging
 - Level 4.6 Stealth
 + Level 3.6 Shields
 * Level 6.4 Spellcasting
 * Level 8.3 Conjurations


You had 12 spell levels left.
You knew the following spells:

 Your Spells              Type           Power      Damage    Failure   Level
a - Magic Dart            Conj           100%       1d8       1%          1
b - Searing Ray           Conj           78%        2d7       1%          2
c - Iskenderun's Mystic   Conj/Tloc      23%        2d6       26%         4

Your spell library contained the following spells:

 Spells                   Type           Power      Damage    Failure   Level
 Dazzling Flash           Conj/Hex       46%        N/A       8%          3
 Summon Small Mammal      Summ           24%        N/A       14%         1
 Fulminant Prism          Conj/Hex       11%        3d9       26%         4
 Call Canine Familiar     Summ           6%         N/A       41%         3
 Ozocubu's Armour         Ice            6%         N/A       41%         3
 Summon Guardian Golem    Hex/Summ       6%         N/A       41%         3
 Ozocubu's Refrigeration  Ice            3%         4d5       100%        7


Dungeon Overview and Level Annotations

Branches:
Dungeon (4/15)              Sewer (visited)         Ossuary (1/1)
 Temple: D:4-7

Altars:
Makhleb
Vehumet

Shops:
D:3 *

Annotations:
Ossuary Menkaure


Message History

The mummy is almost destroyed.
Menkaure gestures wildly while chanting.
Menkaure seems to speed up.
There is an open door here.
Menkaure calls on the powers of darkness!
Your body is wracked with pain!
There is an open door here.
You close the door.
Something unseen opens the door.
There is an open door here.
You close the door.
Okay, then.
As you read the scroll of enchant weapon, it crumbles to dust.
Your +1 falchion glows red for a moment.
Something unseen opens the door.
You completely miss Menkaure. Menkaure hits you!
You hit Menkaure.
Menkaure is lightly damaged.
Menkaure misses you.
Menkaure calls on the powers of darkness!
Your body is wracked with pain!
* * * LOW HITPOINT WARNING * * *
Okay, then.
Unknown command.
Casting: Searing Ray (safe; 1% risk of failure)
Confirm with . or Enter, or press ? or * to list all spells.
Aiming: Searing Ray (safe; 1% risk of failure)
Press: ? - help, Shift-Dir - straight line, f - Menkaure
Aim: Menkaure (lightly damaged, fast, 91% to hit)
The searing ray hits Menkaure.
Menkaure is heavily damaged. (Press . to maintain the ray.) Menkaure hits you!
* * * LOW HITPOINT WARNING * * *
It was a potion of attraction.
You feel attractive to monsters.
Menkaure's bandages flutter.
Menkaure casts a spell at you. Pain shoots through your body!
You die...

######################
#∩..........M.........
#.....................
#..###'###M###'###+###
#..#...#.@.#...#
#..#.########'##
#..#.'....#....#
#..###....#....#
#..'.#....#....#
#..#.#....#..M.#
#..#.#######'###
#..###....#.........
#..'.'....#.........


You could see Menkaure (fast) and a mummy.

Vanquished Creatures
  A water moccasin (D:4)
  Pargi (Sewer)
  2 centaur zombies (Ossuary)
  A crimson imp (D:3)
  An orc priest (D:3)
  A bullfrog skeleton (D:3)
  A human zombie (Ossuary)
  An ogre zombie (Ossuary)
  A mummy (Ossuary)
  4 adders
  An adder zombie (Ossuary)
  2 worms (D:2)
  3 dart slugs
  5 orcs
  7 ball pythons
  2 endoplasms (D:1)
  7 giant cockroaches
  6 hobgoblins
  4 jackals (D:1)
  9 kobolds
  5 quokkas
  8 bats
  9 frilled lizards
  4 goblins
  2 goblin zombies (Ossuary)
  A hobgoblin zombie (Ossuary)
  3 kobold zombies (Ossuary)
  2 quokka zombies (Ossuary)
  6 rats
  A rat zombie (Ossuary)
101 creatures vanquished.

Notes
Turn   | Place    | Note
-------+----------+-------------------------------------------
     0 | D:1      | bjtr the Human Conjurer began the quest for the Orb.
     0 | D:1      | Reached XP level 1. HP: 13/13 MP: 3/3
   245 | D:1      | Reached XP level 2. HP: 19/19 MP: 1/5
   560 | D:1      | Reached XP level 3. HP: 20/24 MP: 1/6
   572 | D:1      | Learned a level 2 spell: Searing Ray
  1401 | D:2      | Reached skill level 5 in Conjurations
  1401 | D:2      | Reached XP level 4. HP: 30/30 MP: 7/7
  2117 | D:3      | Found a glowing drain.
  2174 | Sewer    | Entered a sewer
  2275 | Sewer    | Noticed Pargi
  2283 | Sewer    | Killed Pargi
  2284 | Sewer    | Reached XP level 5. HP: 36/36 MP: 9/9
  2441 | Sewer    | Reached skill level 8 in Conjurations
  2441 | Sewer    | Reached XP level 6. HP: 48/48 MP: 15/15
  2475 | D:3      | Reached XP level 7. HP: 53/53 MP: 16/16
  2625 | D:3      | Learned a level 4 spell: Iskenderun's Mystic Blast
  2883 | D:3      | Found a burning altar of Makhleb.
  2884 | D:3      | Found a radiant altar of Vehumet.
  2893 | D:3      | Became a worshipper of Vehumet
  3004 | D:3      | Found Eturalul's Assorted Antiques.
  3014 | D:3      | Bought a scroll labelled RYENUWIUBLU for 22 gold pieces
  3014 | D:3      | Bought a bubbling brown potion for 19 gold pieces
  3098 | D:3      | Found a faded altar of an unknown god.
  3242 | D:4      | Noticed a water moccasin
  3249 | D:4      | Killed a water moccasin
  3275 | D:4      | Found a sand-covered staircase.
  3291 | Ossuary  | Entered an ossuary
  3549 | Ossuary  | Reached XP level 8. HP: 60/60 MP: 17/17
  3553 | Ossuary  | Noticed Menkaure
  3579 | Ossuary  | Killed from afar by Menkaure

Illustrated notes

Levels and vault maps discovered:
D:1:      minmay_arrival_three_doors, layout_basic, minmay_tetromino_l4
D:2:      layout_basic
D:3:      layout_rooms, grunt_temple_overflow_lords_of_destruction,
          portal_sewer_entry_f, serial_shops, shop,
          dilly_ecumenical_altar_fadedgnrine
D:4:      layout_basic, chequers_ossuary_entry_cave
Ossuary:  ossuary_boxes_badplayer

Skill      XL: |  1  2  3  4  5  6  7 |
---------------+----------------------+-----
Conjurations   | 5 8 |  8.3
Spellcasting   | 3 6 |  6.4
Fighting       | 3 4 |  4.1
Armour         | 3 4 |  4.0
Dodging        | 4 |  4.7
Stealth        | 4 |  4.6
Shields        | 3 |  3.6

Action                   |  1- 3 |  4- 6 |  7- 9 || total
-------------------------+-------+-------+-------++-------
Melee: Dagger            |    23 |       |       ||    23
       Short sword       |    11 |    55 |     4 ||    70
       Falchion          |       |       |    70 ||    70
 Cast: Magic Dart        |    41 |    17 |       ||    58
       Searing Ray       |     5 |    16 |    23 ||    44
  Use: Scroll            |       |     6 |     5 ||    11
       Potion            |       |     1 |     1 ||     2
 Stab: Sleeping          |     1 |       |     5 ||     6
Armor: Robe              |    18 |       |       ||    18
       Leather armour    |     1 |    34 |       ||    35
       Troll leather arm |       |       |    54 ||    54
Dodge: Dodged            |    29 |    49 |    66 ||   144

Table legend: (Time is in decaauts)
 A = Elapsed time spent in this place.
 B = Non-inter-level travel time spent in this place.
 C = Inter-level travel time spent in this place.
 D = Time resting spent in this place.
 E = Time spent auto-exploring this place.
 F = Levels seen in this place.
 G = Mean time per level.
                   A        B        C        D        E       F      G
               +--------+--------+--------+--------+--------+-----+--------+
         Total |   3633 |   3487 |    146 |    611 |   1954 |   6 |  605.5 |
       Dungeon |   3004 |   2858 |    146 |    454 |   1716 |   4 |  751.0 |
         Sewer |    322 |    322 |      0 |    134 |    111 |   1 |  322.0 |
       Ossuary |    307 |    307 |      0 |     23 |    127 |   1 |  307.0 |
               +--------+--------+--------+--------+--------+-----+--------+

Top non-repeatable levels by time:
     D:1: 1372 daAuts
     D:3: 752 daAuts
     D:2: 712 daAuts
   Sewer: 322 daAuts
 Ossuary: 307 daAuts
     D:4: 166 daAuts
